 Dungeon Crawl Stone Soup version 0.27-a0-906-g0a00ce863d (webtiles) character file.

Game seed: 941993660957361602

2664 dmks the Digger (level 9, -4/62 HPs)
             Began as a Pale Draconian Earth Elementalist on Apr 6, 2021.
             Was a Believer of Vehumet.
             Shot with a sling bullet by Joseph (19 damage)
             ... on level 7 of the Dungeon.
             The game lasted 00:31:10 (10635 turns).

dmks the Digger (DrEE)                             Turns: 10635, Time: 00:31:10

Health: -4/62      AC:  7    Str: 10    XL:     9   Next: 36%
Magic:  11/18      EV: 13    Int: 19    God:    Vehumet [**....]
Gold:   352        SH:  0    Dex: 12    Spells: 7/20 levels left

rFire    . . .     SeeInvis .   i - staff of poison
rCold    . . .     Faith    .   (no shield)
rNeg     . . .     Spirit   .   (armour unavailable)
rPois    +         Reflect  .   (helmet restricted)
rElec    .         Harm     .   (no cloak)
rCorr    .         Rampage  .   (no gloves)
Will     .....                  (no boots)
Stlth    +++.......             (no amulet)
HPRegen  0.20/turn              l - ring of flight
MPRegen  0.16/turn              (no ring)

@: flying
A: breathe steam, AC +7, unfitting armour, cold-blooded, steam resistance
a: Breathe Steam, Renounce Religion


You were on level 7 of the Dungeon.
You worshipped Vehumet.
Vehumet was pleased with you.
You visited 2 branches of the dungeon, and saw 8 of its levels.
You also visited: Sewer.

You collected 352 gold pieces.

Inventory:

Hand Weapons
 g - a +0 dagger
   (You took it off a kobold on level 1 of the Dungeon)
Missiles
 b - 239 stones
 m - a curare-tipped dart {!f}
 v - 2 throwing nets {!f}
Armour
 k - a +0 troll leather armour {Purgy}
   (You found it in a sewer)
Magical Staves
 i - a staff of poison (weapon)
   (You found it on level 2 of the Dungeon)
Jewellery
 c - a ring of fire
   (You found it on level 3 of the Dungeon)
 l - a ring of flight (left hand)
   (You found it on level 2 of the Dungeon)
Wands
 t - a wand of flame (31)
   (You found it on level 4 of the Dungeon)
 u - a wand of paralysis (6)
   (You found it on level 2 of the Dungeon)
Scrolls
 d - 6 scrolls of teleportation {@r4}
 h - 2 scrolls of identify {unknown}
 q - 4 scrolls of fear {unknown}
 s - a scroll of silence {unknown}
 w - 2 scrolls of magic mapping {unknown}
 x - a scroll of vulnerability {unknown}
 y - a scroll of holy word {unknown}
Potions
 a - a potion of attraction {unknown}
 e - 2 potions of heal wounds {unknown}
 f - 3 potions of brilliance {unknown}
 j - 3 potions of might {unknown}
 n - a potion of flight {unknown}
 o - 3 potions of lignification {unknown}
 p - a potion of ambrosia {unknown}
 r - 2 potions of curing {unknown}
 z - a potion of degeneration {unknown}


   Skills:
 + Level 4.5 Dodging
 + Level 4.7 Stealth
 * Level 6.3 Spellcasting
 + Level 3.2 Conjurations
 + Level 4.6 Transmutations
 * Level 7.3 Earth Magic


You had 7 spell levels left.
You knew the following spells:

 Your Spells              Type           Power      Damage    Failure   Level
a - Sandblast             Erth           68%        2d15      1%          1
b - Petrify               Tmut/Erth      28%        N/A       9%          4
c - Lee's Rapid Deconstr  Erth           17%        3d11*     14%         5
x - Stone Arrow           Conj/Erth      52%        3d10      3%          3

Your spell library contained the following spells:

 Spells                   Type           Power      Damage    Failure   Level
 Foxfire                  Conj/Fire      48%        2x1d6     5%          1
 Passwall                 Tmut/Erth      23%        N/A       1%          2
 Magic Dart               Conj           72%        1d6       2%          1
 Searing Ray              Conj           36%        3d4       4%          2
 Dazzling Flash           Conj/Hex       24%        N/A       17%         3
 Fulminant Prism          Conj/Hex       6%         3d7       50%         4
 Iskenderun's Mystic Bla  Conj/Tloc      12%        2d5       50%         4


Dungeon Overview and Level Annotations

Branches:
Dungeon (7/15)             Temple (1/1) D:4           Sewer (visited)

Altars:
Cheibriados
Dithmenos
Fedhas
Gozag
Hepliaklqana
Kikubaaqudgha
Makhleb
Nemelex Xobeh
Okawaru
Qazlal
Ru
Sif Muna
Trog
Uskayaw
Vehumet
Wu Jian
Yredelemnul
Zin
The Shining One

Annotations:
D:3 Sigmund
D:7 Joseph


Innate Abilities, Weirdness & Mutations

You can breathe blasts of scalding, opaque steam.
Your pale cyan-grey scales are hard. (AC +7)
You cannot fit into any form of body armour.
You are cold-blooded and may be slowed by cold attacks.
You are immune to the effects of steam.


Message History

z - an amethyst potion Joseph is nearby!
You can't see any susceptible monsters within range! (Use Z to cast anyway.) This spell is dangerous to cast!
Memorise Petrify, consuming 4 spell levels and leaving 12?
You start memorising the spell.
You continue memorising. x4
You finish memorising.
Spell assigned to 'b'.
This spell is quite dangerous to cast!
Memorise Lee's Rapid Deconstruction, consuming 5 spell levels and leaving 7?
You start memorising the spell.
You continue memorising. x5
You finish memorising.
Spell assigned to 'c'.
You see here a +0 dagger.
Found a stone staircase leading down.
You now have 352 gold pieces (gained 12).
Things that are here:
a +0 robe; a +0 dagger
Things that are here:
a +0 robe; a +2 dagger of venom
Things that are here:
14 poisoned darts; a +0 flail; a gnoll skeleton
y - a scroll labelled POXUZI OCSACO You see here a +0 club.
r - 2 murky cyan potions (gained 1)
Things that are here:
a +0 leather armour; a +0 whip
Found a stone staircase leading down.
Joseph is nearby!
The spell is quite dangerous to cast (14% risk of failure)!
Continue anyway? [Y]es or [N]o only, please.
The spell is quite dangerous to cast (14% risk of failure)!
Continue anyway? [Y]es or [N]o only, please.
The spell is quite dangerous to cast (14% risk of failure)!
Continue anyway? [Y]es or [N]o only, please.
The spell is quite dangerous to cast (14% risk of failure)!
Continue anyway?
Okay, then.
Aim: Joseph, wielding a +0 hunting sling, wearing a +0 chain mail and quivering sling bullets (wandering, hasn't noticed you, chance to affect: 39%) Joseph resists with some effort.
Joseph shoots a sling bullet.
The sling bullet hits you!
Joseph shoots a sling bullet.
The sling bullet barely misses you.
You see here 7 gold pieces.
You don't know that spell.
Aim: Joseph, wielding a +0 hunting sling, wearing a +0 chain mail and quivering sling bullets (chance to affect: 39%) Joseph resists with some effort.
Joseph shoots a sling bullet.
The sling bullet hits you!!
* * * LOW HITPOINT WARNING * * *
Joseph shoots a sling bullet.
The sling bullet misses you.
Joseph shoots a sling bullet.
The sling bullet hits you!
* * * LOW HITPOINT WARNING * * *
Joseph shoots a sling bullet.
The sling bullet hits you!!
You die...

########...#...............#####.
#....#......@...#.#..[)......##..
.......##......## #..##..........
..........$....####..##.##......#
.....##..........##...#..#..#....
...# #.....................##....
##.# ##.....................#....
#..###...............##..........
..........[.....@....###.........
.................................
.........#.........#.(...........
###.....##........##.............
##...#).#........)#...<.........
#....#..##......###..)..........
##.#......#.....# #............#
###.#...<......# #.......###..#
###..#....#..###.......#.....


You could see Joseph.

Vanquished Creatures
  The ghost of Lanoc the Changer, an amateur OpTm (D:5)
  A shadow (D:6)
  Menkaure (D:4)
  A water moccasin (D:6)
  An ice beast (D:7)
  A black bear (D:5)
  A sky beast (D:6)
  Purgy (Sewer)
  A necrophage (D:6)
  A kobold brigand (D:2)
  A bullfrog (D:2)
  2 wyvern zombies
  3 scorpions (D:5)
  A water moccasin zombie (D:6)
  2 bullfrog zombies
  A centaur zombie (D:5)
  2 hounds (D:3)
  5 orc priests
  2 jellies
  A centaur skeleton (D:7)
  A gnoll shaman (D:7)
  2 iguanas
  11 orc wizards
  Natasha (thrice) (D:4)
  A scorpion zombie (D:5)
  9 adders
  11 gnolls
  2 river rats (D:4)
  A shadow imp (D:6)
  A white imp (D:6)
  2 ufetubi
  A worm (D:4)
  2 dart slugs
  18 orcs
  11 ball pythons
  12 bats
  12 endoplasms
  5 giant cockroaches
  5 goblins
  7 hobgoblins
  9 kobolds
  5 quokkas
  5 frilled lizards
  9 rats
175 creatures vanquished.

Vanquished Creatures (others)
  An orc wizard (D:7)
1 creature vanquished.

Grand Total: 176 creatures vanquished

Notes
Turn   | Place    | Note
-------+----------+-------------------------------------------
     0 | D:1      | dmks the Draconian Earth Elementalist began the quest for
                  | the Orb.
     0 | D:1      | Reached XP level 1. HP: 14/14 MP: 3/3
   253 | D:1      | Reached XP level 2. HP: 20/20 MP: 1/5
  1633 | D:2      | Reached XP level 3. HP: 26/26 MP: 4/6
  1714 | D:2      | Learned a level 3 spell: Stone Arrow
  1922 | D:2      | Noticed a bullfrog
  1922 | D:2      | Noticed a kobold brigand
  2291 | D:2      | Killed a bullfrog
  2292 | D:2      | Reached XP level 4. HP: 33/33 MP: 3/8
  2369 | D:2      | Killed a kobold brigand
  2370 | D:2      | Reached skill level 4 in Earth Magic
  2370 | D:2      | Reached XP level 5. HP: 38/38 MP: 2/9
  2874 | D:3      | Reached XP level 6. HP: 45/45 MP: 6/11
  2928 | D:3      | Noticed Sigmund
  4074 | D:4      | Found a glowing drain.
  4081 | Sewer    | Entered a sewer
  4243 | Sewer    | Noticed Purgy
  4249 | Sewer    | Killed Purgy
  4250 | Sewer    | Reached skill level 5 in Earth Magic
  4250 | Sewer    | Your scales start taking on a pale cyan-grey colour.
  4250 | Sewer    | Reached XP level 7. HP: 50/50 MP: 2/13
  4250 | Sewer    | Gained mutation: You are immune to the effects of steam.
                  | [Pale Draconian growth]
  4398 | D:4      | Noticed Natasha
  4402 | D:4      | Killed Natasha
  4431 | D:4      | Found a staircase to the Ecumenical Temple.
  4455 | Temple   | Entered the Ecumenical Temple
  4465 | Temple   | Became a worshipper of Vehumet
  4511 | D:4      | Noticed Menkaure
  4519 | D:4      | Killed Menkaure
  4696 | D:4      | Noticed Natasha
  4709 | D:4      | Killed Natasha
  5093 | D:4      | Noticed Natasha
  5097 | D:4      | Killed Natasha
  5232 | D:5      | Entered Level 5 of the Dungeon
  5616 | D:5      | Reached skill level 1 in Conjurations
  5787 | D:5      | Found a runed translucent gate.
  5788 | D:5      | Found a runed translucent gate.
  5789 | D:5      | Found a runed translucent gate.
  5942 | D:5      | Noticed Lanoc's ghost (amateur OpTm)
  6049 | D:5      | Reached XP level 8. HP: 57/57 MP: 11/15
  6052 | D:5      | Reached * piety under Vehumet
  6052 | D:5      | Offered knowledge of Magic Dart by Vehumet.
  6880 | D:5      | Reached skill level 5 in Spellcasting
  6880 | D:5      | Reached skill level 6 in Earth Magic
  7019 | D:5      | Killed Lanoc's ghost
  8498 | D:6      | Reached XP level 9. HP: 23/62 MP: 0/17
  8812 | D:6      | Reached skill level 7 in Earth Magic
  8835 | D:6      | Offered knowledge of Foxfire by Vehumet.
  8839 | D:6      | Reached ** piety under Vehumet
  9437 | D:7      | Noticed Joseph
  9724 | D:7      | Noticed a boulder beetle
 10512 | D:7      | Found a hide-covered altar of Uskayaw.
 10548 | D:7      | Learned a level 4 spell: Petrify
 10554 | D:7      | Learned a level 5 spell: Lee's Rapid Deconstruction
 10635 | D:7      | Shot with a sling bullet by Joseph

Illustrated notes

Levels and vault maps discovered:
D:1:      dpeg_arrival_houses_and_road, layout_basic
D:2:      layout_rooms, minmay_divided_ellipse
D:3:      layout_rooms, kennysheep_generic_room_11, uniq_sigmund
D:4:      layout_basic, minmay_temple_entry_statues_pillars,
          portal_sewer_entry_e, uniq_menkaure, uniq_natasha
D:5:      layout_loops_ring, gammafunk_ghost_necromancy, lemuel_flame_loot_1
D:6:      layout_rooms
D:7:      layout_cave_pools, nicolae_uskayaw_murder_on_the_dancefloor,
          uniq_joseph
Temple:   nicolae_temple_no_exploring_needed

Skill      XL: |  1  2  3  4  5  6  7  8  9 |
---------------+----------------------------+-----
Dodging        | 2 3 4 |  4.5
Stealth        | 2 3 4 |  4.7
Transmutations | 2 3 4 |  4.6
Spellcasting   | 3 4 5 6 |  6.3
Earth Magic    | 4 5 6 7 |  7.3
Conjurations   | 1 2 3 |  3.2

Action                   |  1- 3 |  4- 6 |  7- 9 || total
-------------------------+-------+-------+-------++-------
Melee: Unarmed           |   102 |       |       ||   102
       Tailslap          |    20 |     6 |     6 ||    32
       Dagger            |    57 |       |       ||    57
       Staff             |    26 |    70 |    55 ||   151
 Cast: Sandblast         |    30 |    61 |    42 ||   133
       Stone Arrow       |     1 |    10 |   125 ||   136
       Petrify           |       |       |     2 ||     2
 Abil: Breathe Steam     |       |       |     5 ||     5
  Use: Scroll            |       |     4 |       ||     4
 Stab: Sleeping          |     1 |     2 |     2 ||     5
Armor: Skin              |   104 |    51 |    51 ||   206
Dodge: Dodged            |   195 |    68 |    75 ||   338

Table legend: (Time is in decaauts)
 A = Elapsed time spent in this place.
 B = Non-inter-level travel time spent in this place.
 C = Inter-level travel time spent in this place.
 D = Time resting spent in this place.
 E = Time spent auto-exploring this place.
 F = Levels seen in this place.
 G = Mean time per level.
                   A        B        C        D        E       F      G
               +--------+--------+--------+--------+--------+-----+--------+
         Total |  10687 |  10567 |    120 |   2615 |   5296 |   9 | 1187.4 |
       Dungeon |  10389 |  10269 |    120 |   2615 |   5160 |   7 | 1484.1 |
        Temple |     24 |     24 |      0 |      0 |      0 |   1 |   24.0 |
         Sewer |    273 |    273 |      0 |      0 |    136 |   1 |  273.0 |
               +--------+--------+--------+--------+--------+-----+--------+

Top non-repeatable levels by time:
     D:5: 3006 daAuts
     D:6: 1873 daAuts
     D:1: 1712 daAuts
     D:2: 1177 daAuts
     D:4: 1150 daAuts
     D:3: 926 daAuts
     D:7: 543 daAuts
   Sewer: 273 daAuts
  Temple: 24 daAuts
